 Dungeon Crawl Stone Soup version 0.31.0-7-gf635a9b802 (webtiles) character file.

Game seed: 2857459183795335779

205 stipulation the Ruffian (level 5, 0/45 HPs)
             Began as a Ghoul Monk on Jan 24, 2024.
             Slain by a gnoll
             ... wielding a +0 whip
             ... led by a gnoll bouda
              (3 damage)
             ... on level 4 of the Dungeon.
             The game lasted 00:01:30 (2191 turns).

stipulation the Ruffian (Ghoul Monk)                Turns: 2191, Time: 00:01:30

Health: 0/45       AC: 11    Str: 17    XL:     5   Next: 83%
Magic:  5/5        EV:  5    Int:  9    God:
Gold:   153        SH:  0    Dex: 11    Spells: 4/4 levels left

rFire   . .          .
                       - Unarmed
rCold   + . .        c - orb {light}
rNeg    + + +        l - +0 plate armour
rPois   ∞            (no helmet)
rElec   .            (no cloak)
rCorr   .            (no gloves)
SInv    .            (no boots)
Will    .....        (no amulet) Stlth
                     (no ring)
HPRegen 0.00/turn    (no ring)
MPRegen 0.09/turn

%: no passive effects
@: inhibited regen, glowing
A: claws 1, cold resistance 1, negative energy resistance 3, inhibited
regeneration, torment resistance 2, devour on kill
a: no special abilities


You were on level 4 of the Dungeon.
You visited 1 branch of the dungeon, and saw 4 of its levels.

You collected 153 gold pieces.

Inventory:

Armour
 a - a +0 robe
 c - an orb of light (worn)
 l - a +0 plate armour (worn)
Jewellery
 i - a ring of magical power
Scrolls
 e - a scroll of enchant weapon {unknown}
 f - a scroll of blinking {unknown}
 h - 2 scrolls of identify {unknown}
 j - a scroll of fear {unknown}
 k - a scroll of teleportation {unknown}
 m - a scroll of fog {unknown}
 n - a scroll of amnesia {unknown}
 o - a scroll of noise {unknown}
 p - 2 scrolls of silence {unknown}
Potions
 d - a potion of resistance {unknown}
 g - 2 potions of mutation {unknown}


   Skills:
 - Level 3.2 Fighting
 + Level 2.3 Armour
 - Level 2.6 Dodging
 + Level 6.1 Unarmed Combat


You had 4 spell levels left.
You didn't know any spells.
Your spell library contained the following spells:

 Spells                   Type           Power      Damage    Failure   Level
 Shock                    Conj/Air       0%         1d3       100%        1
 Jinxbite                 Hex            0%         N/A       100%        2
 Swiftness                Air            0%         N/A       100%        3
 Airstrike                Air            0%         2d(0-16)  100%        4
 Yara's Violent Unravell  Hex/Alch       0%         3d3       100%        5
 Enfeeble                 Hex            0%         N/A       100%        7


Dungeon Overview and Level Annotations

Branches:
Dungeon (4/15)
 Temple: D:4-7

Altars:
Hepliaklqana
Vehumet

Annotations:
D:3 exclusion: statue


Innate Abilities, Weirdness & Mutations

You are immune to poison.
You have sharp fingernails.
Your flesh is cold resistant. (rC+)
You are immune to negative energy. (rN+++)
You do not regenerate when monsters are visible.
You are immune to unholy pain and torment.
You thrive by killing the living.


Message History

The ufetubus is almost dead.
The ufetubus barely misses you.
The ufetubus hits you but does no damage. x2
The ufetubus hits you.
The gnoll bouda hits you with a +0 club.
* * * LOW HITPOINT WARNING * * *
The ufetubus hits you but does no damage.
The ufetubus barely misses you. The gnoll barely misses you.
You scratch the ufetubus.
You kill the ufetubus!
The ufetubus hits you but does no damage.
The ufetubus hits you.
* * * LOW HITPOINT WARNING * * *
The gnoll bouda hits you but does no damage.
The gnoll barely misses you. The gnoll hits you with a +0 flail.
* * * LOW HITPOINT WARNING * * *
Your attacks no longer feel as feeble.
The ufetubus barely misses you.
The ufetubus hits you but does no damage.
The gnoll bouda barely misses you. The ufetubus barely misses you.
The ufetubus hits you but does no damage.
The ufetubus hits you but does no damage.
The ufetubus barely misses you. The ufetubus attacks as it pursues you!
The ufetubus hits you but does no damage. x3
The ufetubus barely misses you.
The gnoll is no longer moving quickly.
The gnoll bouda barks out a call to the hunt!
The gnoll picks up the pace!
The gnoll hits you with a +0 whip.
* * * LOW HITPOINT WARNING * * *
The ufetubus slips past you! The ufetubus hits you.
* * * LOW HITPOINT WARNING * * *
The ufetubus hits you but does no damage.
You scratch the ufetubus.
The ufetubus is severely wounded.
The ufetubus barely misses you. The ufetubus hits you.
* * * LOW HITPOINT WARNING * * *
The gnoll hits you with a +0 whip.
You die...

## #. #.# ###..
#....##########.##
#..>5@.g..........
#....gg.g.(.###.##
####.....)........
#.........#####
#.........##
#..........#
######.##<.#
#.....# #.###.#


You could see a gnoll bouda, 3 gnolls and an ufetubus.

Vanquished Creatures
  A scorpion (D:3)
  A jelly (D:4)
  Jessica (D:2)
  2 adders
  An ufetubus (D:4)
  3 ribbon worms
  An orc (D:3)
  5 bats
  7 endoplasms
  2 giant cockroaches (D:2)
  9 goblins
  6 hobgoblins
  3 quokkas (D:2)
  6 ball pythons
  3 frilled lizards
  7 kobolds
  3 rats
61 creatures vanquished.

Notes
Turn   | Place    | Note
-------+----------+-------------------------------------------
     0 | D:1      | stipulation the Ghoul Monk began the quest for the Orb.
     0 | D:1      | Reached XP level 1. HP: 19/19 MP: 1/1
   192 | D:1      | Reached XP level 2. HP: 26/26 MP: 2/2
   197 | D:1      | Reached skill level 4 in Unarmed Combat
   334 | D:1      | Found a faded altar of an unknown god.
   795 | D:2      | Found a hazy altar of Hepliaklqana.
   905 | D:2      | Reached XP level 3. HP: 31/31 MP: 3/3
   942 | D:2      | Noticed Jessica
   954 | D:2      | Killed Jessica
   955 | D:2      | Reached skill level 5 in Unarmed Combat
  1072 | D:2      | Reached XP level 4. HP: 38/38 MP: 4/4
  1524 | D:3      | Noticed a scorpion
  1531 | D:3      | Killed a scorpion
  1532 | D:3      | Reached skill level 1 in Armour
  1532 | D:3      | Reached XP level 5. HP: 40/45 MP: 5/5
  1866 | D:3      | Found a radiant altar of Vehumet.
  1866 | D:3      | Noticed a frost-covered statue
  2159 | D:4      | Reached skill level 6 in Unarmed Combat
  2172 | D:4      | HP: 1/45 [ufetubus (2)]
  2191 | D:4      | Slain by a gnoll

Illustrated notes

Levels and vault maps discovered:
D:1:      ncdulo_halloftheorcs, layout_loops_ring, shapermc_ecumenical_altar_gd
D:2:      layout_basic, basic_altar, uniq_jessica
D:3:      layout_loops_cross, vehumet_statue, serial_bayou_pond_e
D:4:      layout_basic, cheibriados_altar_1, minmay_temple_entry_waves,
          dk_noncrumbling_2

Skill      XL: |  1  2  3  4  5 |
---------------+----------------+-----
Unarmed Combat | 4 5 6 |  6.1
Armour         | 1 2 |  2.3
Fighting       | |  3.2
Dodging        | |  2.6

Action                     |  1- 3 |  4- 6 || total
---------------------------+-------+-------++-------
  Melee: Unarmed           |    59 |    91 ||   150
    Use: Potion            |       |     1 ||     1
 Armour: Robe              |    26 |       ||    26
         Plate armour      |       |   160 ||   160
  Dodge: Dodged            |    24 |    56 ||    80
